 Dungeon Crawl Stone Soup version 0.31-a0-667-g39726597b9 (webtiles) character file.

Game seed: 9979695636346573189

73 night the Changeling (level 4, 0/42 HPs)
             Began as a Troll Shapeshifter on Sept 3, 2023.
             Was an Initiate of Makhleb.
             Killed from afar by an orc wizard (2 damage)
             ... with a magic dart
             ... on level 4 of the Dungeon.
             The game lasted 00:03:52 (2224 turns).

night the Changeling (Troll Shapeshifter)           Turns: 2224, Time: 00:03:52

Health: 0/42       AC:  4    Str: 30    XL:     4   Next: 8%
Magic:  0/3        EV:  9    Int:  6    God:    Makhleb [......]
Gold:   180        SH:  0    Dex:  9    Spells: 3/3 levels left

rFire   . .          .
                       - Unarmed
rCold   . . .        (no shield)
rNeg    . . .        a - +0 animal skin
rPois   .            (helmet currently unavailable)
rElec   .            (cloak currently unavailable)
rCorr   .            (gloves unavailable)
SInv    .            (boots unavailable)
Will    .....        n - amulet of guardian spirit
Stlth   +            f - +6 ring of strength
HPRegen 1.07/turn    (no ring)
MPRegen 0.08/turn

%: guardian spirit
@: lethally poisoned (0 -> -11), beast-form, fire susceptible
A: beast (slay +2), large, unfitting armour, claws 3, regeneration 1, shaggy fur
1, tough skin 1
a: Begin Untransformation, Renounce Religion


You were on level 4 of the Dungeon.
You worshipped Makhleb.
Makhleb was noncommittal.
You were a hulking beast.
You visited 1 branch of the dungeon, and saw 4 of its levels.

You collected 180 gold pieces.

Inventory:

Missiles
 h - 27 stones
Armour
 a - a +0 animal skin (worn)
Jewellery
 f - a +6 ring of strength (left claw)
 n - an amulet of guardian spirit (around neck)
 q - a ring of ice
Talismans
 c - a beast talisman (active)
 d - a flux talisman
Scrolls
 e - a scroll of brand weapon {unknown}
 k - a scroll of poison {unknown}
 l - 3 scrolls of identify {unknown}
 o - a scroll of silence {unknown}
 p - a scroll of amnesia {unknown}
 r - a scroll of noise {unknown}
 s - a scroll of vulnerability {unknown}
 u - a scroll of blinking {unknown}
 v - a scroll of enchant weapon {unknown}
 w - a scroll of fear {unknown}
 y - a scroll of revelation {unknown}
Potions
 b - a potion of lignification
 g - a potion of brilliance {unknown}
 i - a potion of haste {unknown}
 j - a potion of degeneration {unknown}
 m - a potion of heal wounds {unknown}
 t - a potion of curing {unknown}
 x - 2 potions of attraction {unknown}


   Skills:
 + Level 1.6 Fighting
 - Level 1.5 Dodging
 + Level 3.5 Unarmed Combat
 * Level 3.9 Shapeshifting


You had 3 spell levels left.
You didn't know any spells.
Your spell library contained the following spells:

 Spells                   Type           Power      Damage    Failure   Level
 Blink                    Tloc           0%         N/A       58%         2
 Lesser Beckoning         Tloc           0%         N/A       58%         2
 Momentum Strike          Conj/Tloc      0%         3d8       58%         2


Dungeon Overview and Level Annotations

Branches:
Dungeon (4/15)
 Temple: D:4-7

Altars:
Ashenzari
Makhleb
Qazlal
Zin
Ignis


Innate Abilities, Weirdness & Mutations

You are a hulking beast.
Your limbs bulge with bestial killing power. (Slay +2)
You are too large for most types of armour.
You have claws for hands.
Your natural rate of healing is unusually fast.
You are covered in fur. (AC +1)
You have tough skin. (AC +1)


Message History

The orc wizard is severely wounded.
The orc wizard casts a spell at you. You resist with some effort.
The orc wizard casts a spell.
The orc wizard flickers and vanishes!
You hear an angry growl.
The orc hits you but does no damage. The orc attacks as it pursues you!
The orc closely misses you.
You hear some strange, mumbled words.
A magic dart appears from out of thin air!
The magic dart hits you!
You scratch the orc.
The orc is moderately wounded.
The orc hits you with a +0 mace. Something hits you.
The orc hits you with a +2 mace of venom.
You are poisoned.
You closely miss the orc.
The orc is moderately wounded.
You feel sick. The orc closely misses you. The orc barely misses you.
Something hits you but does no damage. x2
The orc hits you with a +2 mace of venom.
You are more poisoned.
You closely miss the orc.
The orc is moderately wounded.
You feel very sick. The orc hits you but does no damage.
The orc closely misses you. Something hits you. x2
* * * LOW HITPOINT WARNING * * *
The orc hits you with a +2 mace of venom.
* * * LOW HITPOINT WARNING * * *
You are lethally poisoned!
You barely miss the orc.
The orc is moderately wounded.
* * * LOW HITPOINT WARNING * * *
You feel very sick. The orc hits you but does no damage. x2
You hear some strange, mumbled words.
A magic dart appears from out of thin air!
The magic dart hits you.
You die...

##.#......#...........
#..#............###.## #
###.#......##.....##
#.##......#.#.#.......#
#........##......####....
...#.....#####.....# ##..
.>.......# #..<###.###
#.. #.##...{.###.#.#
#...## #. # #..goho...#.#
###<.###....
...(...o######.#
##........ ........# #.#
######... ..#.##### #.#
.... #.# ... ... ## ...


You could see 3 orcs and a goblin.

Vanquished Creatures
  An adder (D:2)
  4 worms (D:2)
  A dart slug (D:4)
  An orc (D:3)
  3 bats
  3 endoplasms
  2 giant cockroaches (D:1)
  3 goblins
  6 hobgoblins
  10 kobolds
  2 quokkas (D:1)
  7 ball pythons
  2 frilled lizards (D:1)
  4 rats
49 creatures vanquished.

Notes
Turn   | Place    | Note
-------+----------+-------------------------------------------
     0 | D:1      | night the Troll Shapeshifter began the quest for the Orb.
     0 | D:1      | Reached XP level 1. HP: 18/18 MP: 0/0
   147 | D:1      | Reached skill level 1 in Fighting
   176 | D:1      | Reached XP level 2. HP: 27/27 MP: 1/1
   904 | D:2      | Reached XP level 3. HP: 33/33 MP: 2/2
  1185 | D:2      | Noticed a shining eye
  1187 | D:2      | Found a faded altar of an unknown god.
  1189 | D:2      | Noticed a golden eye
  1190 | D:2      | Noticed a shining eye
  1190 | D:2      | Noticed a great orb of eyes
  1195 | D:2      | Prayed at the altar of an unknown god.
  1195 | D:2      | Became a worshipper of Ignis, the Dying Flame
  1560 | D:3      | Found a burning altar of Makhleb.
  1565 | D:3      | Fell from the grace of Ignis
  1565 | D:3      | Became a worshipper of Makhleb the Destroyer
  1586 | D:3      | Identified the staff of Famine {rF- rC++ Dex+8 Earth}
  1738 | D:3      | Found a broken altar of Ashenzari.
  1900 | D:3      | Found a stormy altar of Qazlal.
  2004 | D:3      | Reached XP level 4. HP: 41/41 MP: 3/3
  2071 | D:3      | Found a glowing silver altar of Zin.
  2224 | D:4      | HP: 2/42 [poisoned by an orc]
  2224 | D:4      | Killed from afar by an orc wizard

Illustrated notes

Levels and vault maps discovered:
D:1:      co_arrival_square_in_a_square_in_a_square, layout_basic
D:2:      layout_basic, hellmonk_ecumenical_altar_watching_god, minivault_26
D:3:      layout_loops_cross, lemuel_doored_altar, mainiacjoe_overflow_24_doors,
          zin_treasury, old_standard_altar
D:4:      layout_rooms, lemuel_round_altar

Skill      XL: |  1 |
---------------+----+-----
Fighting       | 1 |  1.6
Dodging        | |  1.5
Unarmed Combat | |  3.5
Shapeshifting  | |  3.9

Action                     |  1- 3 |  4- 6 || total
---------------------------+-------+-------++-------
  Melee: Unarmed           |    89 |    11 ||   100
         Punch             |     1 |       ||     1
 Armour: Animal skin       |    44 |    22 ||    66
  Dodge: Dodged            |    34 |     4 ||    38

Table legend: (Time is in decaauts)
 A = Elapsed time spent in this place.
 B = Non-inter-level travel time spent in this place.
 C = Inter-level travel time spent in this place.
 D = Time resting spent in this place.
 E = Time spent auto-exploring this place.
 F = Levels seen in this place.
 G = Mean time per level.
                   A        B        C        D        E       F      G
               +--------+--------+--------+--------+--------+-----+--------+
         Total |   2216 |   2149 |     67 |      0 |   1832 |   4 |  554.0 |
       Dungeon |   2216 |   2149 |     67 |      0 |   1832 |   4 |  554.0 |
               +--------+--------+--------+--------+--------+-----+--------+

Top non-repeatable levels by time:
     D:1: 866 daAuts
     D:3: 719 daAuts
     D:2: 584 daAuts
     D:4: 46 daAuts
